 Dungeon Crawl Stone Soup version 0.22.1-2-g9c5b331383 (webtiles) character file.

109 Marnok the Covered (level 5, -2/41 HPs)
             Began as a Human Fighter on Dec 8, 2018.
             Was an Initiate of Makhleb.
             Killed by divine providence
             ... invoked by an orc priest
              (13 damage)
             ... on level 3 of the Dungeon.
             The game lasted 00:09:57 (2268 turns).

Marnok the Covered (Human Fighter)                  Turns: 2268, Time: 00:09:58

Health: -2/41      AC:  6    Str: 14 (17) XL:     5   Next: 13%
Magic:  5/5        EV:  7    Int:  6 (8)  God:    Makhleb [......]
Gold:   42         SH:  8    Dex: 11 (13) Spells: 4/4 levels left

rFire    . . .     SeeInvis .   a - +1 long sword
rCold    . . .     Gourm    .   c - +0 shield
rNeg     . . .     Faith    .   b - +0 scale mail
rPois    .         Spirit   .   (no helmet)
rElec    .         Reflect  .   (no cloak)
rCorr    .         Harm     .   (no gloves)
MR       .....                  (no boots)
Stlth    ..........             (no amulet)
HPRegen  0.13/turn              (no ring)
MPRegen  0.09/turn              (no ring)

@: no status effects
A: no striking features
a: Renounce Religion


You were on level 3 of the Dungeon.
You worshipped Makhleb.
Makhleb was noncommittal.
You were hungry.

You visited 1 branch of the dungeon, and saw 4 of its levels.

You collected 42 gold pieces.

Inventory:

Hand Weapons
 a - a +1 long sword (weapon)
Armour
 b - a +0 scale mail (worn)
 c - a +0 shield (worn)
 p - a +0 cloak
Scrolls
 e - a scroll of amnesia
 m - a scroll of random uselessness
Potions
 j - a potion of resistance
Comestibles
 f - 4 rations


   Skills:
 + Level 3.2 Fighting
 + Level 3.1 Long Blades
 + Level 3.5 Armour
 + Level 1.4 Dodging
 + Level 1.0 Stealth
 + Level 3.5 Shields


You had 4 spell levels left.
You didn't know any spells.
Your spell library was empty.

Dungeon Overview and Level Annotations

Branches:
Dungeon (4/15)
 Temple: D:4-7

Altars:
Gozag
Makhleb

Shops:
D:2 *

Annotations:
D:4 Grinder


Message History

The orc priest calls down the wrath of Beogh upon you.
Beogh smites you!
You hit the rat.
You kill the rat!
Makhleb accepts your kill. You block the orc priest's attack.
The orc priest begins to cast a cantrip, but forgets the words!
You hit the orc priest but do no damage.
You block the orc priest's attack.
You hit the orc priest.
The orc priest is moderately wounded.
You hit the orc.
The orc is heavily wounded.
The orc hits you.
The orc priest invokes the aid of Beogh against you.
Beogh smites you!
* * * LOW HITPOINT WARNING * * *
The orc priest calls down the wrath of Beogh upon you.
Beogh smites you!
You die...

..# #.# #.# #.#
#.# #.# #.#
########### #.#
#.........# #.#
#.........#####
#.#
#.......@..(..#
#.#
######.#####.#
#.# #o# #.# #.#
#o# #.# #.# #o#
#.# #.# #o# #.#
#.# #o# #.# #.#
..# #.# #.# ###
#.####.#


You could see 2 orc priests and 3 orcs.

Vanquished Creatures
  A crimson imp (D:2)
  A gnoll (D:3)
  2 adders
  2 worms (D:3)
  A leopard gecko (D:2)
  10 bats
  3 giant cockroaches
  3 goblins
  4 hobgoblins
  4 kobolds
  2 ball pythons (D:1)
  4 frilled lizards
  5 rats
42 creatures vanquished.

Notes
Turn   | Place    | Note
-------+----------+-------------------------------------------
     0 | D:1      | Marnok the Human Fighter began the quest for the Orb.
     0 | D:1      | Reached XP level 1. HP: 18/18 MP: 1/1
   172 | D:1      | Reached XP level 2. HP: 22/24 MP: 2/2
   644 | D:1      | Reached XP level 3. HP: 23/29 MP: 3/3
   757 | D:1      | Reached skill level 1 in Dodging
  1194 | D:2      | Found a burning altar of Makhleb.
  1219 | D:2      | Reached XP level 4. HP: 22/35 MP: 4/4
  1335 | D:2      | Became a worshipper of Makhleb the Destroyer
  1502 | D:2      | Found an opulent altar of Gozag.
  1502 | D:2      | Found Gozag's Platinum Reserve.
  1629 | D:4      | Noticed a phantom
  1837 | D:4      | Noticed Grinder
  1842 | D:3      | Reached skill level 1 in Stealth
  1842 | D:3      | Reached XP level 5. HP: 4/41 MP: 5/5
  2268 | D:3      | Killed from afar by an orc priest

Skill      XL: |  1  2  3  4 |
---------------+-------------+-----
Dodging        | 1 |  1.4
Long Blades    | 3 |  3.1
Stealth        | 1 |  1.0
Fighting       | |  3.2
Armour         | |  3.5
Shields        | |  3.5

Action                   |  1- 3 |  4- 6 || total
-------------------------+-------+-------++-------
Melee: Long sword        |   135 |    58 ||   193
  Use: Scroll            |       |     6 ||     6
       Potion            |       |     5 ||     5
  Eat: Chunk             |     1 |     3 ||     4
Armor: Scale mail        |    83 |    20 ||   103
Dodge: Dodged            |    48 |    21 ||    69
Block: Shield            |    84 |    27 ||   111
       Rpst.: Long sword |    11 |     6 ||    17
